 Dungeon Sprint DCSS version 0.26-a0-712-ga5a9c9c9d0 (webtiles) character file.

Game seed: 8659086681322440417

4460 sahdkjhfkaj the Grappler (level 10, 0/166 HPs)
             Began as a Troll Berserker on Nov 1, 2020.
             Was an Elder of Trog.
             Succumbed to an emperor scorpion's poison
             ... in the Dungeon (Sprint VII: "The Pits").
             The game lasted 00:04:41 (926 turns).

sahdkjhfkaj the Grappler (Troll Berserker)           Turns: 926, Time: 00:04:42

Health: 0/166      AC:  8    Str: 30    XL:     10   Next: 15%
Magic:  9/9        EV: 15    Int:  6    God:    Trog [****..]
Gold:   0          SH:  0    Dex:  9    Spells: 9/9 levels left

rFire    . . .     SeeInvis .     - Unarmed
rCold    . . .     Faith    .   (no shield)
rNeg     . . .     Spirit   .   a - +0 animal skin
rPois    .         Reflect  .   n - +2 hat {Int+3}
rElec    .         Harm     .   (no cloak)
rCorr    .         Rampage  .   (gloves unavailable)
MR       .....     NoTele   +   (boots unavailable)
Stlth    ..........             (no amulet)
HPRegen  0.77/turn              (no ring)
MPRegen  0.11/turn              (no ring)

@: berserking (expiring), lethally poisoned (0 -> -26), very quick
A: large, unfitting armour, claws 3, regeneration 1, shaggy fur 1, tough skin 3
a: Berserk, Trog's Hand, Brothers in Arms, Renounce Religion


You were in the Dungeon.
You worshipped Trog.
Trog was greatly pleased with you.
You visited 1 branch

Inventory:

Armour
 a - a +0 animal skin (worn)
 n - a +2 hat of intelligence (worn)
Jewellery
 k - a +3 ring of strength
 l - a +3 ring of evasion
Scrolls
 g - a scroll of blinking {!r}
 i - 3 scrolls of remove curse {!r}
 j - a scroll of summoning {!r}
Potions
 b - 6 potions of curing {!q}
 c - 9 potions of heal wounds {!q}
 d - 2 potions of haste {!q}
 e - 4 potions of magic {!q}
 f - 5 potions of berserk rage {!q}
 h - 2 potions of invisibility {!q}
 m - 2 potions of mutation {!q}


   Skills:
 - Level 10.9 Fighting
 - Level 5.0 Armour
 + Level 12.5 Dodging
 - Level 13.0 Unarmed Combat


You had 9 spell levels left.
You didn't know any spells.
Your spell library was empty.

Dungeon Overview and Level Annotations

Branches:
Dungeon (1/1)

Altars:
Ashenzari
Cheibriados
Dithmenos
Elyvilon
Fedhas
Gozag
Hepliaklqana
Kikubaaqudgha
Makhleb
Nemelex Xobeh
Okawaru
Qazlal
Ru
Sif Muna
Trog
Uskayaw
Vehumet
Wu Jian
Xom
Yredelemnul
Zin
The Shining One
Beogh
Jiyva
Lugonu


Innate Abilities, Weirdness & Mutations

You are too large for most types of armour.
You have claws for hands.
Your natural rate of healing is unusually fast.
You are covered in fur. (AC +1)
You have extremely tough skin. (AC +3)


Message History

* * * LOW HITPOINT WARNING * * *
You feel sick.
You claw the emperor scorpion!
The emperor scorpion is almost dead.
* * * LOW HITPOINT WARNING * * *
You feel sick.
You closely miss the emperor scorpion.
The emperor scorpion is almost dead.
* * * LOW HITPOINT WARNING * * *
You feel sick. The emperor scorpion barely misses you.
The emperor scorpion closely misses you.
The emperor scorpion claws you but does no damage.
You mangle the emperor scorpion!!
You kill the emperor scorpion!
Trog accepts your kill.
Your Dodging skill increases to level 12!
You have reached level 10!
* * * LOW HITPOINT WARNING * * *
You feel sick.
You die...

############
#_________.#
#_________.#
#_______...########
##########'##......
#.?(.')))'.##......
##########.##......
#.@.†...†.).†......
#'#####'#####......
#.#..#..#..##......
#.#..'..'..#####'##
#.##'####'###......
#.#........##......
#.#........##......
#(#####'#####...<..
#)#...)))[.##......


There were no monsters in sight!

Vanquished Creatures
  Gastronok (D)
  An emperor scorpion (D)
  A black mamba (D)
  An efreet (D)
  A guardian mummy (D)
  A demonic crawler (D)
  A flying skull (D)
  A yak (D)
  A vampire mosquito (D)
  An ogre (D)
  2 orc priests (D)
  4 gnolls (D)
  An adder (D)
  A river rat (D)
  3 ufetubi (D)
  2 oozes (D)
  A worm (D)
  A giant cockroach (D)
  4 jackals (D)
  A frilled lizard (D)
30 creatures vanquished.

Vanquished Creatures (collateral kills)
  A black mamba (D)
  3 vampire mosquitoes (D)
  A centaur (D)
  A big kobold (D)
  A leopard gecko (D)
7 creatures vanquished.

Grand Total: 37 creatures vanquished

Notes
Turn   | Place    | Note
-------+----------+-------------------------------------------
     0 | D        | sahdkjhfkaj the Troll Berserker began the quest for the
                  | Orb.
     0 | D        | Reached XP level 1. HP: 22/22 MP: 0/0
    21 | D        | Reached skill level 4 in Unarmed Combat
    21 | D        | Reached XP level 2. HP: 31/31 MP: 1/1
    55 | D        | Found a bloodstained altar of Trog.
    55 | D        | Found a shimmering blue altar of Sif Muna.
    55 | D        | Found a viscous altar of Jiyva.
    55 | D        | Found a hazy altar of Hepliaklqana.
    55 | D        | Found an opulent altar of Gozag.
    56 | D        | Found a glowing golden altar of the Shining One.
    56 | D        | Found a glowing silver altar of Zin.
    56 | D        | Found a basalt altar of Yredelemnul.
    56 | D        | Found a shimmering altar of Xom.
    56 | D        | Found an ornate altar of the Wu Jian Council.
    56 | D        | Found a sacrificial altar of Ru.
    56 | D        | Found a stormy altar of Qazlal.
    56 | D        | Found an iron altar of Okawaru.
    56 | D        | Found a sparkling altar of Nemelex Xobeh.
    56 | D        | Found a burning altar of Makhleb.
    56 | D        | Found a blossoming altar of Fedhas.
    56 | D        | Found a white marble altar of Elyvilon.
    56 | D        | Found a shadowy altar of Dithmenos.
    56 | D        | Found a snail-covered altar of Cheibriados.
    57 | D        | Found a radiant altar of Vehumet.
    57 | D        | Found a corrupted altar of Lugonu.
    57 | D        | Found a roughly hewn altar of Beogh.
    58 | D        | Found an ancient bone altar of Kikubaaqudgha.
    58 | D        | Found a hide-covered altar of Uskayaw.
    58 | D        | Found a broken altar of Ashenzari.
    96 | D        | Reached ** piety under Trog
    96 | D        | Reached skill level 5 in Unarmed Combat
   147 | D        | Reached *** piety under Trog
   147 | D        | Reached XP level 3. HP: 34/39 MP: 2/2
   165 | D        | Reached skill level 6 in Unarmed Combat
   184 | D        | Reached **** piety under Trog
   184 | D        | Reached skill level 7 in Unarmed Combat
   192 | D        | Reached XP level 4. HP: 49/49 MP: 3/3
   255 | D        | Noticed a flying skull
   256 | D        | Noticed a big kobold
   256 | D        | Noticed a centaur
   272 | D        | Killed a flying skull
   272 | D        | Reached skill level 5 in Fighting
   272 | D        | Reached skill level 8 in Unarmed Combat
   272 | D        | Reached skill level 9 in Unarmed Combat
   272 | D        | Reached XP level 5. HP: 43/62 MP: 4/4
   282 | D        | Reached ***** piety under Trog
   287 | D        | Reached skill level 10 in Unarmed Combat
   287 | D        | Reached XP level 6. HP: 64/71 MP: 5/5
   487 | D        | Noticed a guardian mummy
   494 | D        | Killed a guardian mummy
   494 | D        | Reached skill level 11 in Unarmed Combat
   494 | D        | Reached XP level 7. HP: 83/83 MP: 6/6
   540 | D        | Reached skill level 12 in Unarmed Combat
   560 | D        | Noticed an efreet
   560 | D        | Noticed a demonic crawler
   566 | D        | Killed a demonic crawler
   566 | D        | Reached skill level 10 in Fighting
   568 | D        | Received a gift from Trog
   572 | D        | Killed an efreet
   572 | D        | Reached skill level 13 in Unarmed Combat
   572 | D        | Reached XP level 8. HP: 95/96 MP: 7/7
   690 | D        | Noticed a black mamba
   690 | D        | Noticed Gastronok
   694 | D        | Killed a black mamba
   703 | D        | Killed Gastronok
   703 | D        | Reached skill level 5 in Armour
   703 | D        | Reached skill level 10 in Dodging
   703 | D        | Reached XP level 9. HP: 70/102 MP: 8/8
   754 | D        | Noticed a black mamba
   858 | D        | Killed a black mamba
   858 | D        | Received a gift from Trog
   893 | D        | Noticed an emperor scorpion
   921 | D        | HP: 7/153 [emperor scorpion (3)]
   924 | D        | HP: 3/153 [poisoned by an emperor scorpion]
   925 | D        | Killed an emperor scorpion
   925 | D        | Reached XP level 10. HP: 4/111 MP: 9/9
   926 | D        | Succumbed to an emperor scorpion's poison

Illustrated notes

Levels and vault maps discovered:
D:        pitsprint [storerooms_1, entrance_room_1, metal_vault_4, armoury_2,
          mini_pit_1, grid_room_1, main_hall_1, silver_pit, the_coven_3,
          the_vestibule_1, steel_vault_3, golden_pit, hallway_of_sentries,
          crystal_vault_3, iron_vault_2, final_vault]

Skill      XL: |  1  2  3  4  5  6  7  8  9 |
---------------+----------------------------+-----
Unarmed Combat | 4 5 7 9 10 11 13 | 13.0
Fighting       | 3 4 7 9 10 | 10.9
Armour         | 5 |  5.0
Dodging        | 10 12 | 12.5

Action                   |  1- 3 |  4- 6 |  7- 9 | 10-12 || total
-------------------------+-------+-------+-------+-------++-------
Melee: Unarmed           |    37 |    30 |    48 |       ||   115
       Punch             |       |       |     1 |       ||     1
Invok: Berserk           |     3 |     3 |     3 |       ||     9
       Brothers in Arms  |       |     1 |     4 |       ||     5
  Use: Potion            |       |     1 |     1 |       ||     2
Armor: Animal skin       |     9 |    15 |    14 |       ||    38
Dodge: Dodged            |    18 |    19 |    30 |       ||    67

Table legend: (Time is in decaauts)
 A = Elapsed time spent in this place.
 B = Non-inter-level travel time spent in this place.
 C = Inter-level travel time spent in this place.
 D = Time resting spent in this place.
 E = Time spent auto-exploring this place.
 F = Levels seen in this place.
 G = Mean time per level.
                   A        B        C        D        E       F      G
               +--------+--------+--------+--------+--------+-----+--------+
         Total |    983 |    936 |     47 |    566 |      0 |   1 |  983.0 |
       Dungeon |    983 |    936 |     47 |    566 |      0 |   1 |  983.0 |
               +--------+--------+--------+--------+--------+-----+--------+

Top non-repeatable levels by time:
       D: 983 daAuts
